Map: Ascension to Aiur LE

Players

PiG

  • Race: Protoss Protoss
  • League: Grandmaster
  • Spawn Location: 11:00

Sleeper - Winner!

  • Race: Zerg Zerg
  • League: Master
  • Spawn Location: 5:00

VOD

Have the link to the VOD?

Description

Time

  • Played on: Jan. 14, 2018, 6:42 p.m.
  • Length: 8:24
Show
View Real Time Build Order
Export as new Build Order

PiG Protoss 

Build Orders: 1 Gate Expand, Mass Adepts 

Get SALT Encoding   

  12  0:01  Probe  
  13  0:13  Probe  
  14  0:18  Pylon  
  14  0:25  Probe (Chrono Boost)  
  15  0:37  Probe (Chrono Boost)  
  15  0:38  Gateway  
  16  0:46  Probe (Chrono Boost)  
  16  0:48  Assimilator  
  17  0:52  Probe  
  18  1:04  Probe  
  19  1:16  Probe  
  20  1:24  Nexus  
  21  1:34  Cybernetics Core  
  21  1:37  Probe  
  21  1:43  Assimilator  
  21  1:50  Probe  
  21  1:51  Pylon  
  22  2:02  Probe  
  22  2:05  Warp Gate (Chrono Boost)  
  23  2:10  Adept  
  23  2:14  Probe  
  26  2:22  Twilight Council  
  26  2:26  Probe  
  27  2:35  Probe  
  28  2:38  Probe, Adept  
  31  2:48  Probe  
  31  2:50  Probe  
  33  2:52  Gateway  
  33  2:57  Resonating Glaives (Chrono Boost)  
  33  2:58  Gateway  
  33  3:08  Probe  
  33  3:10  Probe  
  35  3:16  Adept  
  37  3:20  Probe  
  37  3:22  Probe, Pylon  
  39  3:33  Probe  
  41  3:41  Probe  
  41  3:45  Probe  
  42  3:52  Adept  
  42  3:53  Probe, Adept x2  
  49  3:58  Robotics Facility  
  49  4:00  Pylon  
  49  4:02  Pylon  
  49  4:03  Probe  
  49  4:05  Probe  
  51  4:16  Probe  
  52  4:17  Adept  
  52  4:19  Adept x2  
  54  4:40  Adept x3  
  54  4:41  Gateway  
  54  4:43  Gateway  
  52  4:58  Warp Prism (Chrono Boost)  
  48  5:01  Adept  
  48  5:02  Adept  
  48  5:03  Adept  
  54  5:09  Gateway  
  54  5:10  Gateway  
  54  5:13  Gateway  
  54  5:17  Pylon  
  54  5:26  Adept x3  
  60  5:34  Warp Prism  
  62  5:38  Gateway  
  50  5:50  Adept x4  
  50  5:51  Pylon  
  50  5:52  Adept  
  60  6:06  Adept x2  
  50  6:24  Adept x3  
  50  6:25  Adept  
  54  6:29  Adept x2  
  54  6:30  Adept  
  58  6:35  Adept  
  60  6:45  Adept x5  
  70  6:50  Observer  
  71  6:56  Adept x4  
  77  7:07  Adept x2  
  77  7:08  Adept x2  
  61  7:25  Adept x5  
  55  7:32  Adept x2  
  55  7:33  Adept  
  47  8:02  Adept x9  
Show
View Real Time Build Order
Export as new Build Order

Sleeper Zerg - Winner!

Build Orders: Hatch First 

Get SALT Encoding   

  12  0:00  Drone  
  13  0:12  Overlord  
  13  0:17  Drone  
  14  0:30  Drone x2  
  14  0:33  Drone  
  17  0:51  Hatchery  
  17  0:54  Drone  
  17  0:57  Drone  
  18  1:08  Extractor  
  17  1:12  Spawning Pool  
  17  1:15  Drone  
  18  1:18  Drone  
  18  1:27  Drone  
  19  1:37  Overlord  
  19  1:49  Drone  
  20  1:59  Queen  
  20  2:00  Zergling x2  
  23  2:03  Queen, Zergling x2  
  23  2:07  Metabolic Boost  
  26  2:10  Drone  
  26  2:14  Drone  
  28  2:25  Drone x2  
  30  2:32  Drone  
  30  2:36  Drone  
  32  2:40  Hatchery  
  31  2:44  Overlord  
  31  2:52  Drone  
  31  2:54  Drone  
  31  2:58  Drone  
  34  3:04  Drone  
  35  3:09  Overlord  
  35  3:10  Drone  
  36  3:13  Drone x5  
  36  3:18  Queen  
  42  3:21  Drone  
  42  3:23  Evolution Chamber  
  42  3:30  Drone x2  
  42  3:33  Overlord  
  44  3:39  Zergling x4  
  44  3:40  Zergling x4  
  48  3:43  Lair  
  48  3:45  Extractor  
  47  3:50  Baneling Nest  
  46  3:56  Zergling x8  
  46  4:01  Queen  
  52  4:12  Drone x2  
  52  4:13  Overlord x2  
  52  4:14  Zergling x4  
  52  4:15  Zergling x2  
  57  4:23  Zergling x4  
  58  4:37  Zergling x14  
  61  4:45  Drone x2  
  58  4:46  Drone  
  58  4:48  Drone  
  60  4:53  Zerg Melee Weapons Level 1  
  60  4:57  Drone x2  
  57  5:01  Drone  
  57  5:06  Drone  
  59  5:09  Zergling x4, Centrifical Hooks  
  61  5:16  Zergling x2  
  61  5:18  Zergling x2  
  63  5:21  Roach Warren  
  63  5:22  Baneling x5  
  63  5:24  Extractor  
  61  5:35  Drone x3  
  64  5:36  Zergling x10  
  64  5:39  Baneling x4  
  64  5:42  Zergling x4  
  67  5:43  Zergling x2  
  67  5:46  Zergling x4  
  67  5:49  Zergling x4  
  70  5:55  Baneling x6  
  70  6:00  Zergling x6  
  70  6:01  Zergling x2  
  74  6:06  Zergling x8  
  61  6:18  Zergling x2  
  61  6:19  Zergling x10  
  61  6:25  Roach x4  
  72  6:34  Glial Reconstitution  
  72  6:36  Roach x3  
  72  6:38  Baneling x3  
  74  6:41  Baneling  
  74  6:43  Zergling x2  
  74  6:44  Zergling x4  
  74  6:45  Zergling x2  
  78  6:51  Zergling x6  
  81  6:58  Zergling x2  
  81  7:05  Zergling x2  
  81  7:06  Zergling x10  
  80  7:09  Baneling x8  
  80  7:11  Zergling x2  
  80  7:16  Zergling x2  
  80  7:21  Zergling x4  
  80  7:22  Zergling x2  
  82  7:27  Zergling x2  
  82  7:28  Zergling x6  
  77  7:52  Zergling x8  
  77  7:53  Zergling x4  
  77  7:57  Drone x4  
  79  8:00  Drone x4  
  80  8:07  Drone  
  80  8:10  Spine Crawler  
Tags
 
Add a new tag
Caveats
  • Supply blocks, unpowered buildings, or Contaminate may cause inaccurate times.
  • Supply counts are checked every 10 seconds.